AoeStats
← Robert Hatemo

Arabia

510154028Analyzed
1v1 RM · 2d ago on Sep 29, 2026· 38m 34s· 2 players
Game mode
Random Map
Map size
Tiny (2 player)
Population
200
Speed
Normal
Resources
Standard
Victory
Conquest
Starting age
Dark Age
Ending age
Imperial Age
RankedLock teamsTeams togetherTeam positionsShared explorationLock speedFull tech treeHidden civsTurbo modeCheats
Victory
Defeat
🇹🇷 Bengalis · Türkiye
1126
+17
🇨🇦 Bohemians · Canada
1149
-17
Robert Hatemo
7:04 Loom
11:03 Feudal Age
15:00 Double-Bit Axe
17:30 Castle Age
15:25 Horse Collar
18:33 Bow Saw
18:28 Fletching
21:11 Bodkin Arrow
21:27 Forging
22:46 Husbandry
25:00 Light Cavalry
36:22 Imperial Age
37:00 Wheelbarrow
36:21 Gold Mining
38:09 Bracer
BEAMbox
12:23 Feudal Age
10:41 Loom
12:26 Feudal Age
18:30 Castle Age
17:52 Double-Bit Axe
17:50 Horse Collar
20:55 Wheelbarrow
22:59 Bow Saw
26:34 Sanctity
26:25 Fervor
27:27 Hand Cart
28:44 Redemption
31:53 Town Watch
32:15 Pikeman
36:24 Scale Mail Armor
36:35 Forging
40:40 Imperial Age
Connection lost

Rejoining the realm…

Still unreachable

The connection could not be restored.

Session expired

The server has moved on; the page needs a fresh start.